 Dungeon Crawl Stone Soup version 0.17.0-28-g6e173f8 (webtiles) character file.

2305 PossumBlood the Blocker (level 9, -4/78 HPs)
             Began as a Minotaur Fighter on Nov 26, 2015.
             Slain by Menkaure (14 damage)
             ... on level 7 of the Dungeon.
             The game lasted 00:18:08 (6277 turns).

PossumBlood the Blocker (Minotaur Fighter)          Turns: 6277, Time: 00:18:08

Health: -4/78      AC:  9    Str: 24    XL:     9   Next: 18%
Magic:  8/8        EV: 11    Int:  5    God:
Gold:   188        SH: 11    Dex: 10    Spells: 0 memorised, 8 levels left

rFire  + . .     SeeInvis .     d - +1 hand axe (flame)
rCold  . . .     Clarity  .     b - +0 scale mail
rNeg   . . .     SustAt   .     c - +0 shield
rPois  .         Gourm    .     (helmet restricted)
rElec  .         Spirit   .     (no cloak)
rCorr  .         Warding  .     k - +0 pair of gloves
rMut   .         Stasis   .     (no boots)
MR     .....                    (no amulet)
Stlth  ..........               (no ring)
                                H - ring of protection from fire

@: about to teleport, not resistant to hostile enchantments, extremely
unstealthy
A: retaliatory headbutt, horns 2
a: no special abilities


You were on level 7 of the Dungeon.
You were not hungry.

You visited 1 branch of the dungeon, and saw 7 of its levels.

You collected 332 gold pieces.
You spent 144 gold pieces at shops.

Inventory:

Hand Weapons
 a - a +0 shortbow
 d - a +1 hand axe of flaming (weapon)
 q - a +2 morningstar of protection
 z - a +0 blowgun
 A - a +0 whip
 C - a +2 mace of protection
 M - a +3 scythe of venom
Missiles
 B - 24 poisoned needles
 L - 20 arrows
Armour
 b - a +0 scale mail (worn)
 c - a +0 shield (worn)
 k - a +0 pair of gloves (worn)
Jewellery
 H - a ring of protection from fire (left hand)
Wands
 E - a wand of fireball (14)
 F - a wand of random effects (25)
Scrolls
 h - 6 scrolls of remove curse
 j - 2 scrolls of fear
 m - a scroll of enchant weapon
 n - 2 scrolls of magic mapping
 y - 6 scrolls of identify
 I - 2 scrolls of blinking
 K - a scroll of teleportation
Potions
 e - a potion of magic {unknown}
 g - a potion of degeneration {unknown}
 o - 3 potions of cancellation {unknown}
 p - a potion of lignification {unknown}
 r - a potion of agility {unknown}
 s - a potion of brilliance {unknown}
 t - a potion of haste {unknown}
 u - 3 potions of heal wounds {unknown}
 w - 2 potions of invisibility {unknown}
 D - a potion of poison {unknown}
 G - a potion of ambrosia {unknown}
 J - 2 potions of cure mutation {unknown}
Books
 f - a book of Flames

   Spells                             Type                      Level
   a - Flame Tongue                   Conjuration/Fire             1
   b - Throw Flame                    Conjuration/Fire             2
   c - Conjure Flame                  Conjuration/Fire             3
   d - Inner Flame                    Hexes/Fire                   3
   e - Sticky Flame                   Conjuration/Fire             4
   f - Fireball                       Conjuration/Fire             5
 i - a Fen Folio

   Spells                             Type                      Level
   a - Corpse Rot                     Necromancy                   2
   b - Stone Arrow                    Conjuration/Earth            3
   c - Leda's Liquefaction            Hexes/Earth                  4
   d - Summon Forest                  Summoning/Translocation      5
   e - Hydra Form                     Transmutation                6
   f - Summon Hydra                   Summoning                    7
Miscellaneous
 v - a plain deck of wonders
Comestibles
 x - a bread ration


   Skills:
 + Level 6.6 Fighting
 + Level 7.0 Axes
 + Level 7.6 Armour
 + Level 5.5 Dodging
 + Level 1.1 Stealth
 + Level 8.1 Shields


You had 8 spell levels left.
You didn't know any spells.

Dungeon Overview and Level Annotations

Branches:
Dungeon (7/15)
 Temple: D:4-7

Altars:
Cheibriados
Dithmenos
Elyvilon
Makhleb
Nemelex Xobeh
Qazlal
Ru
Sif Muna
Trog

Shops:
D:5 ?%   D:7 =

Annotations:
D:7 Menkaure


Innate Abilities, Weirdness & Mutations

You reflexively headbutt those who attack you in melee.
You have a pair of horns on your head.


Message History

You hit Menkaure. You burn Menkaure.
Menkaure is severely damaged.
You block Menkaure's attack.
You barely miss Menkaure.
Menkaure is severely damaged.
Menkaure points at you and mumbles some strange words.
Pain shoots through your body!
* * * LOW HITPOINT WARNING * * *
You hit Menkaure. You burn Menkaure. Your headbutt misses Menkaure.
Menkaure is severely damaged.
Drink which item? (? for menu, Esc to quit)
You feel better. Menkaure hits you!
* * * LOW HITPOINT WARNING * * *
Read which item? (? for menu, Esc to quit)
As you read the scroll of teleportation, it crumbles to dust.
You feel strangely unstable.
Menkaure gestures wildly while chanting.
Menkaure seems to speed up.
Menkaure hits you!
You die...

##########
#########.........
#...........######
###@#######.#.# #.M.#
#.#.# #### #.###
#.#.###... #.#
#..<....## #.#
#...#####
...########...##
...............#####
#...########.........
##.## #..#.#####


You could see Menkaure.

Vanquished Creatures
  Sigmund (D:6)
  A hungry ghost (D:5)
  Duvessa (D:5)
  3 sky beasts (D:6)
  2 ice beasts
  An ogre (D:5)
  A phantom (D:4)
  A centaur (D:6)
  A giant frog (D:6)
  Dowan (D:5)
  The ghost of PossumBlood the Skirmisher, a weakling MiFi (D:3)
  2 crimson imps (D:5)
  2 hounds
  4 orc priests
  2 giant frog skeletons (D:4)
  A quasit (D:6)
  A centaur skeleton (D:5)
  5 orc wizards
  Natasha (thrice) (D:3)
  8 worker ants
  A hound skeleton (D:4)
  12 adders
  A river rat (D:5)
  4 gnolls
  2 shadow imps
  An adder zombie (D:5)
  2 oozes
  An adder skeleton (D:5)
  5 worms
  3 giant geckos
  23 orcs
  A ball python (D:5)
  6 hobgoblins
  9 jackals
  12 kobolds
  A quokka (D:3)
  2 bats (D:2)
  A giant cockroach (D:3)
  A giant gecko skeleton (D:4)
  8 giant newts
  4 goblins
  5 rats
147 creatures vanquished.

Notes
Turn   | Place    | Note
--------------------------------------------------------------
     0 | D:1      | PossumBlood the Minotaur Fighter began the quest for the Orb.
     0 | D:1      | Reached XP level 1. HP: 19/19 MP: 0/0
   227 | D:1      | Reached XP level 2. HP: 20/27 MP: 1/1
   692 | D:2      | Reached skill level 4 in Shields
   859 | D:2      | Reached XP level 3. HP: 33/33 MP: 2/2
  1400 | D:3      | Noticed PossumBlood's ghost (weakling MiFi)
  1409 | D:3      | Killed PossumBlood's ghost
  1409 | D:3      | Reached skill level 1 in Dodging
  1409 | D:3      | Reached XP level 4. HP: 21/40 MP: 3/3
  1689 | D:3      | Reached XP level 5. HP: 44/46 MP: 4/4
  1728 | D:3      | Reached skill level 5 in Shields
  1829 | D:3      | Found a bloodstained altar of Trog.
  1836 | D:3      | Noticed Natasha
  1849 | D:3      | Killed Natasha
  2115 | D:3      | Noticed Natasha
  2122 | D:3      | Killed Natasha
  2137 | D:3      | Noticed Natasha
  2144 | D:3      | Killed Natasha
  2290 | D:4      | Reached XP level 6. HP: 50/53 MP: 5/5
  2435 | D:4      | Reached skill level 5 in Armour
  2872 | D:4      | Found a sparkling altar of Nemelex Xobeh.
  2945 | D:4      | Reached skill level 5 in Fighting
  2945 | D:4      | Reached XP level 7. HP: 55/61 MP: 6/6
  3007 | D:4      | Reached skill level 6 in Shields
  3535 | D:5      | Entered Level 5 of the Dungeon
  3563 | D:5      | Found a deep blue altar of Sif Muna.
  3649 | D:5      | Noticed Duvessa
  3652 | D:5      | Noticed Dowan
  3663 | D:5      | Killed Dowan
  3666 | D:5      | Reached skill level 5 in Axes
  3945 | D:5      | Found a shadowy altar of Dithmenos.
  3959 | D:5      | Found a snail-covered altar of Cheibriados.
  3995 | D:5      | Found Hujirph's Food Shoppe.
  4074 | D:5      | Reached XP level 8. HP: 69/69 MP: 7/7
  4076 | D:5      | Reached skill level 7 in Shields
  4107 | D:5      | Found a glowing drain.
  4130 | D:5      | Killed Duvessa
  4130 | D:5      | Reached skill level 1 in Stealth
  4527 | D:5      | Found Rebili Xetho's Magic Scroll Shoppe.
  4534 | D:5      | Bought a scroll of teleportation for 36 gold pieces
  4534 | D:5      | Bought a scroll of identify for 24 gold pieces
  4534 | D:5      | Bought a scroll of teleportation for 36 gold pieces
  4534 | D:5      | Bought a scroll of identify for 24 gold pieces
  4534 | D:5      | Bought a scroll of identify for 24 gold pieces
  4548 | D:5      | Found a white marble altar of Elyvilon.
  4671 | D:5      | Found a stormy altar of Qazlal.
  4671 | D:5      | Found a burning altar of Makhleb.
  5076 | D:6      | Found a sacrificial altar of Ru.
  5174 | D:6      | Noticed Sigmund
  5181 | D:6      | Killed Sigmund
  5459 | D:6      | Reached skill level 8 in Shields
  5479 | D:6      | Reached skill level 5 in Dodging
  5479 | D:6      | Reached XP level 9. HP: 23/78 MP: 8/8
  6203 | D:7      | Found Xodallayk's Jewellery Emporium.
  6263 | D:7      | Noticed Menkaure
  6277 | D:7      | Slain by Menkaure

Action                   |  1- 3 |  4- 6 |  7- 9 || total
-------------------------+-------+-------+-------++-------
Melee: War axe           |    71 |    75 |       ||   146
       Hand axe          |       |    37 |   282 ||   319
  Use: Potion            |     1 |       |     6 ||     7
       Scroll            |       |     8 |     5 ||    13
 Stab: Paralysed         |       |       |     1 ||     1
  Eat: Bread ration      |     1 |       |     1 ||     2
       Meat ration       |       |     1 |       ||     1
       Pizza             |       |       |     1 ||     1
       Beef jerky        |       |       |     1 ||     1
       Fruit             |       |       |     6 ||     6
